 Dungeon Crawl Stone Soup version 0.22-a0-358-g7563fe7 (webtiles) character file.

15138 Amnesiac the Thaumaturge (level 11, -8/79 HPs)
             Began as a Mummy Necromancer on Apr 18, 2018.
             Was a High Priest of Sif Muna.
             Killed from afar by Azrael (47 damage)
             ... with damnation
             ... on level 12 of the Dungeon.
             The game lasted 00:30:42 (14912 turns).

Amnesiac the Thaumaturge (Mummy Necromancer)       Turns: 14912, Time: 00:30:43

Health: -8/79      AC:  8    Str: 11    XL:     11   Next: 97%
Magic:  0/44       EV: 18    Int: 18    God:    Sif Muna [*****.]
Gold:   254        SH:  0    Dex: 13    Spells: 15/38 levels left

rFire    . . .     SeeInvis .   a - staff of power
rCold    + . .     Gourm    .   (no shield)
rNeg     + + +     Faith    .   h - +0 robe {Archmagi}
rPois    ∞         Spirit   +   v - +1 helmet
rElec    .         Reflect  .   x - +1 cloak
rCorr    .         Harm     .   k - +0 pair of gloves
MR       +....                  r - +0 pair of boots
Stlth    ++........             p - amulet of guardian spirit
HPRegen  0.23/turn              j - ring of protection from fire
MPRegen  0.29/turn              m - +3 ring of evasion

@: very slightly contaminated, divine energy
A: no food or potions, fire vulnerability, cold resistance 1, negative energy
resistance 3, torment resistance, unbreathing
a: Stop Divine Energy, Channel Magic, Forget Spell, Renounce Religion


You were on level 12 of the Dungeon.
You worshipped Sif Muna.
Sif Muna was extremely pleased with you.
You were not hungry.

You visited 2 branches of the dungeon, and saw 13 of its levels.
You also visited: Sewer and Ossuary.

You collected 654 gold pieces.
You spent 400 gold pieces at shops.

Inventory:

Hand Weapons
 b - a +2 dagger of protection
Armour
 h - a +0 robe of the Archmagi (worn)
 k - a +0 pair of gloves (worn)
 r - a +0 pair of boots (worn)
 s - the +1 ring mail of Minor Irritation {rPois MR+ rCorr MP+9}
   (You found it on level 7 of the Dungeon)

   It protects you from poison.
   It affects your resistance to hostile enchantments.
   It affects your magic capacity (+9).
   It protects you from acid and corrosion.
 v - a +1 helmet (worn)
 x - a +1 cloak (worn)
Magical Staves
 a - an uncursed staff of power (weapon)
Jewellery
 i - an uncursed ring of flight
 j - a ring of protection from fire (left hand)
 m - a +3 ring of evasion (right hand)
 p - an amulet of guardian spirit (around neck)
Wands
 e - a wand of flame (26)
 y - a wand of iceblast (8)
Scrolls
 c - 4 scrolls of teleportation {!r}
 d - 2 scrolls of fear {!r}
 f - 3 scrolls of fog {!r}
 g - 4 scrolls of magic mapping {!r}
 l - a scroll of remove curse {!r}
 n - a scroll of noise {!r}
 o - 3 scrolls of immolation {!r}
 q - 2 scrolls of silence {!r}
 u - a scroll of blinking {!r}
 w - 2 scrolls of enchant armour {!r}
 z - a scroll of identify {!r}
Miscellaneous
 t - a sack of spiders


   Skills:
 - Level 5.0 Fighting
 - Level 6.5 Dodging
 - Level 1.5 Stealth
 - Level 14.0 Spellcasting
 - Level 12.0 Necromancy
 + Level 4.3 Invocations


You had 15 spell levels left.
You knew the following spells:

 Your Spells              Type           Power        Failure   Level  Hunger
a - Borgnjor's Vile Clut  Necr/Erth      ######....   12%         5    N/A
b - Call Imp              Summ           ###.....     8%          2    N/A
c - Apportation           Tloc           ###...       5%          1    N/A
d - Vampiric Draining     Necr           ######....   1%          3    N/A
e - Mephitic Cloud        Conj/Pois/Air  ###.....     16%         3    N/A
f - Passwall              Tmut/Erth      ###.......   8%          2    N/A
g - Pain                  Necr           ####         1%          1    N/A
s - Conjure Flame         Conj/Fire      ###.....     16%         3    N/A
v - Blink                 Tloc           N/A          8%          2    N/A
z - Confusing Touch       Hex            ###...       5%          1    N/A

Dungeon Overview and Level Annotations

Branches:
Dungeon (12/15)            Temple (1/1) D:5            Lair (0/6) D:11
    Orc: D:9-12

Altars:
Ashenzari
Cheibriados
Dithmenos
Elyvilon
Fedhas
Gozag
Hepliaklqana
Kikubaaqudgha
Makhleb
Nemelex Xobeh
Okawaru
Qazlal
Ru
Sif Muna
Trog
Uskayaw
Vehumet
Wu Jian
Xom
Yredelemnul
Zin
The Shining One

Shops:
D:10 *   D:11 }

Annotations:
D:4 Menkaure
D:12 Azrael


Innate Abilities, Weirdness & Mutations

You do not eat or drink.
Your flesh is vulnerable to fire.
You are immune to poison.
Your flesh is cold resistant. (rC+)
You are immune to negative energy. (rN+++)
You are immune to unholy pain and torment.
You can survive without breathing.


Message History

The zombie hands constrict the red ugly thing.
You kill the red ugly thing!
Sif Muna accepts your kill.
Your Invocations skill increases to level 4!
You start resting.
A hell hound comes into view.
A hell hound is nearby!
The hell hound barks!
Casting: Vampiric Draining (safe; 1% risk of failure)
Confirm with . or Enter, or press ? or * to list all spells.
You can't see any susceptible monsters within range! (Use Z to cast anyway.) Unknown command.
Casting: Vampiric Draining (safe; 1% risk of failure)
Confirm with . or Enter, or press ? or * to list all spells.
Aiming: Borgnjor's Vile Clutch (safe; 12% risk of failure)
Press: ? - help, Dir - move target cursor, f - hell hound
Aim: a hell hound You feel a surge of power!
You miscast Borgnjor's Vile Clutch.
You are very lightly contaminated with residual magic.
You momentarily stiffen.
The hell hound bites you! x2
Casting: Borgnjor's Vile Clutch (safe; 12% risk of failure)
Confirm with . or Enter, or press ? or * to list all spells.
Aiming: Borgnjor's Vile Clutch (safe; 12% risk of failure)
Press: ? - help, Dir - move target cursor, f/p - hell hound
Aim: a hell hound You feel a surge of power!
Decaying hands burst forth from the earth!
Zombie hands grab the hell hound.
The zombie hands constrict the hell hound.
The hell hound bites you!
You hit the hell hound but do no damage.
The hell hound is lightly wounded.
The zombie hands constrict the hell hound!
The hell hound bites you.
The hell hound bites you but does no damage.
You hit the hell hound.
The hell hound is severely wounded.
The zombie hands constrict the hell hound, but do no damage.
The hell hound bites you.
* * * LOW HITPOINT WARNING * * *
The hell hound closely misses you.
You hit the hell hound but do no damage.
The hell hound is severely wounded.
The zombie hands constrict the hell hound!
You kill the hell hound!
Sif Muna accepts your kill.
Azrael the Boundless Flame comes into view.
He is wielding a scimitar of flaming.
Casting: Borgnjor's Vile Clutch (safe; 12% risk of failure)
Confirm with . or Enter, or press ? or * to list all spells.
Aiming: Borgnjor's Vile Clutch (safe; 12% risk of failure)
Press: ? - help, Dir - move target cursor, f - Azrael
Aim: Azrael, wielding a scimitar of flaming You feel a surge of power!
Decaying hands burst forth from the earth!
Zombie hands grab Azrael.
The zombie hands constrict Azrael!
Azrael struggles to escape constriction.
The zombie hands constrict Azrael.
Azrael struggles to escape constriction.
The zombie hands constrict Azrael.
Azrael gestures at you.
The sphere of damnation explodes!
The damnation engulfs you!
Ouch! That really hurt!
You die...

##. #.##### .h #......
#. #...... #.#####.#
.############ #.......#
.......<....# ####.##.#
....#######.## #§##.# #
####...#########.##.#
###..(.#..@......R.##.#
....##...############.#
........## #.#
........# #########.#
#######.#####.........#
#.......#########
#########


You could see Azrael.

Vanquished Creatures
  A shadow dragon (D:10)
  Josephine (D:12)
  A rakshasa (D:11)
  Harold (D:10)
  A two-headed ogre (D:11)
  Pikel (D:8)
  An ugly thing (D:12)
  2 manticores
  2 cyclopes (D:11)
  Maurice (D:11)
  A centaur zombie (D:11)
  A gargoyle (D:12)
  3 trolls
  A hippogriff (D:11)
  6 yaks (D:11)
  3 wyverns
  Grum (D:10)
  Duvessa (D:4)
  2 water moccasins (D:10)
  2 hell hounds (D:12)
  3 orc warriors
  An ice beast (D:6)
  3 sky beasts
  A black bear (D:10)
  6 ogres
  2 wolves (D:10)
  3 centaurs
  3 big kobolds
  4 bullfrogs
  Dowan (D:4)
  3 scorpions
  6 killer bees
  A vampire bat (D:7)
  3 howler monkeys (D:9)
  An electric eel (D:9)
  4 jellies
  9 hounds
  A bullfrog skeleton (D:7)
  4 orc priests
  A centaur skeleton (D:7)
  4 iguanas
  6 orc wizards
  7 worker ants
  2 big kobold zombies (Ossuary)
  A hound zombie (D:10)
  2 hound skeletons
  2 mummies (Ossuary)
  A worker ant zombie (D:9)
  A howler monkey skeleton (D:7)
  12 adders
  2 river rats (Sewer)
  An ooze (D:4)
  An adder skeleton (D:8)
  An adder zombie (D:5)
  4 worms
  3 dart slugs
  7 leopard geckos
  28 orcs
  5 bats
  2 bat skeletons (D:7)
  2 bat zombies (D:7)
  3 giant cockroaches
  2 goblins
  5 hobgoblins
  24 jackals
  14 kobolds
  5 quokkas
  2 ball pythons
  10 frilled lizards
  A gnoll zombie (Ossuary)
  A goblin zombie (Ossuary)
  3 kobold zombies (Ossuary)
  An orc zombie (Ossuary)
  A quokka skeleton (D:2)
  19 rats
278 creatures vanquished.

Vanquished Creatures (collateral kills)
  A gargoyle (D:9)
  The ghost of Amnesiac the Conjurer, an amateur DECj of Gozag (D:5)
  A fire elemental (D:11)
  A hell hound (D:10)
  A sky beast (D:8)
  A water moccasin zombie (D:6)
  A vampire bat (D:8)
  5 crimson imps
  A quasit (D:6)
  A bullfrog skeleton (D:9)
  3 mummies (Ossuary)
  2 worker ant zombies (D:6)
  2 adder skeletons
  5 orcs
26 creatures vanquished.

Vanquished Creatures (others)
  3 slaves (D:9)
  2 killer bees (D:9)
  A fungus (D:6)
  3 plants (D:6)
9 creatures vanquished.

Grand Total: 313 creatures vanquished

Notes
Turn   | Place    | Note
-------+----------+-------------------------------------------
     0 | D:1      | Amnesiac the Mummy Necromancer began the quest for the Orb.
     0 | D:1      | Reached XP level 1. HP: 13/13 MP: 4/4
   189 | D:1      | Reached XP level 2. HP: 20/20 MP: 3/5
   348 | D:1      | Reached skill level 3 in Spellcasting
   864 | D:2      | Reached skill level 1 in Fighting
   868 | D:2      | Reached XP level 3. HP: 16/26 MP: 1/7
   875 | D:1      | Learned a level 3 spell: Vampiric Draining
  1533 | D:2      | Reached XP level 4. HP: 31/32 MP: 1/9
  3271 | D:3      | Reached skill level 4 in Spellcasting
  3271 | D:3      | Reached XP level 5. HP: 38/38 MP: 7/11
  3810 | D:4      | Found a hide-covered altar of Uskayaw.
  3810 | D:4      | Found a blossoming altar of Fedhas.
  3826 | D:4      | Noticed Menkaure
  4081 | D:4      | Reached XP level 6. HP: 25/46 MP: 12/12
  4108 | D:4      | Noticed Duvessa
  4108 | D:4      | Noticed Dowan
  4125 | D:4      | Killed Duvessa
  4126 | D:4      | Killed Dowan
  4397 | D:4      | Found a glowing drain.
  4406 | Sewer    | Entered a sewer
  4756 | D:4      | Reached skill level 5 in Dodging
  4756 | D:4      | Reached XP level 7. HP: 47/53 MP: 13/13
  4800 | D:5      | Entered Level 5 of the Dungeon
  4851 | D:5      | Learned a level 1 spell: Confusing Touch
  4853 | D:5      | Learned a level 1 spell: Summon Small Mammal
  4855 | D:5      | Learned a level 1 spell: Apportation
  4901 | D:5      | Noticed Amnesiac's ghost (amateur DECj)
  4964 | D:6      | Found a sacrificial altar of Ru.
  5006 | D:5      | Found a sand-covered staircase.
  5018 | D:5      | Learned a level 3 spell: Conjure Flame
  5021 | D:5      | Learned a level 2 spell: Blink
  5023 | Ossuary  | Entered an ossuary
  6035 | Ossuary  | Learned a level 2 spell: Call Imp
  6298 | D:5      | Killed Amnesiac's ghost
  6298 | D:5      | Reached XP level 8. HP: 13/61 MP: 8/14
  6670 | D:5      | Found a staircase to the Ecumenical Temple.
  6676 | Temple   | Entered the Ecumenical Temple
  6868 | Temple   | Became a worshipper of Sif Muna the Loreminder
  7124 | D:6      | Reached skill level 5 in Fighting
  7434 | D:6      | Reached skill level 5 in Necromancy
  7504 | D:6      | Reached skill level 5 in Spellcasting
  7856 | D:7      | Reached * piety under Sif Muna
  7875 | D:7      | Learned a level 3 spell: Mephitic Cloud
  8193 | D:7      | Found a glowing silver altar of Zin.
  8363 | D:7      | Got a shimmering ring mail
  8445 | D:7      | Found an ancient bone altar of Kikubaaqudgha.
  8454 | D:7      | Reached skill level 6 in Spellcasting
  8723 | D:8      | Reached XP level 9. HP: 56/68 MP: 11/18
  9092 | D:8      | Reached ** piety under Sif Muna
  9274 | D:8      | Reached skill level 7 in Spellcasting
  9660 | D:9      | Noticed a gargoyle
  9687 | D:8      | Identified the +1 ring mail of Minor Irritation {rPois MR+ rCorr MP+9} (You found it on level 7 of the Dungeon)
  9782 | D:9      | Noticed a troll
  9793 | D:9      | Killed a troll
 10127 | D:9      | Reached skill level 8 in Spellcasting
 10242 | D:9      | Found a sparkling altar of Nemelex Xobeh.
 10293 | D:9      | Reached *** piety under Sif Muna
 10344 | D:9      | Noticed Pikel
 10360 | D:8      | Killed Pikel
 10413 | D:9      | Reached XP level 10. HP: 74/74 MP: 22/22
 10596 | D:9      | Killed a gargoyle
 10596 | D:9      | Reached skill level 10 in Necromancy
 11032 | D:10     | Entered Level 10 of the Dungeon
 11046 | D:10     | Noticed Grum
 11109 | D:10     | Killed Grum
 11109 | D:10     | Reached skill level 9 in Spellcasting
 11299 | D:10     | Found Xymn's General Store.
 11308 | D:10     | Bought an uncursed ring of protection from fire for 400 gold pieces
 11351 | D:10     | Noticed Harold
 11368 | D:10     | Reached **** piety under Sif Muna
 11892 | D:11     | Found Entuinuez's Gadget Shop.
 12108 | D:10     | Killed Harold
 12108 | D:10     | Reached skill level 10 in Spellcasting
 12235 | D:11     | Found a staircase to the Lair.
 12239 | D:11     | Noticed a two-headed ogre
 12313 | D:11     | Noticed a shadow dragon
 12313 | D:11     | Noticed Maurice
 12319 | D:11     | Noticed a manticore
 12329 | D:11     | Killed a manticore
 12535 | D:11     | Killed a two-headed ogre
 12668 | D:11     | Reached XP level 11. HP: 67/79 MP: 25/25
 12861 | D:10     | Reached ***** piety under Sif Muna
 12861 | D:10     | Identified Sif Muna's Volume of Supportive Stones (Sif Muna gifted it to you on level 10 of the Dungeon)
 12861 | D:10     | Received a gift from Sif Muna
 12861 | D:10     | Reached skill level 11 in Spellcasting
 12866 | D:10     | Learned a level 2 spell: Passwall
 12872 | D:10     | Learned a level 5 spell: Borgnjor's Vile Clutch
 13478 | D:10     | Killed a shadow dragon
 13478 | D:10     | Reached skill level 12 in Spellcasting
 13620 | D:11     | Noticed a rakshasa
 13627 | D:11     | Killed a rakshasa
 13627 | D:11     | Reached skill level 13 in Spellcasting
 14049 | D:11     | Killed Maurice
 14250 | D:11     | Reached skill level 14 in Spellcasting
 14399 | D:12     | Reached skill level 1 in Invocations
 14760 | D:12     | Noticed Josephine
 14788 | D:12     | Killed Josephine
 14854 | D:12     | Noticed a red ugly thing
 14864 | D:12     | Killed a red ugly thing
 14900 | D:12     | Noticed Azrael
 14912 | D:12     | Killed from afar by Azrael

Vault maps used:
D:1:      minmay_arrival_cross, minmay_misc_feat_square, minmay_tetromino_s2
D:3:      grunt_decor_mini_mirrors, st_stairs_3
D:4:      gammafunk_temple_overflow_wave, cheibrodos_sewer_entry_bend,
          uniq_duvessa, uniq_menkaure
D:5:      temple_green, nicolae_ossuary_entry_monument, first_ration
D:6:      nicolae_ru_the_path_less_chosen
D:7:      kennysheep_vampire_church, basic_altar, grunt_ogre_cave
D:9:      serial_bayou_pond_b, nicolae_wwwww, nemelex_xobeh_ov_fountains_minmay,
          uniq_pikel
D:10:     serial_shops, shop_statue, lightli_orcish_oven, uniq_harold, uniq_grum
D:11:     minmay_lair_entry_lava, serial_shops, shop, minivault_20,
          minmay_three_doors, uniq_maurice
D:12:     orc_0_dummy, uniq_azrael, uniq_josephine
Temple:   hc_temple_tempest_star
Sewer:    sewer_co_cracked_pipes
Ossuary:  ossuary_crypta

Skill      XL: |  1  2  3  4  5  6  7  8  9 10 11 |
---------------+----------------------------------+-----
Dodging        | 2 3 4 5 6 |  6.5
Spellcasting   | 3 4 6 8 10 14 | 14.0
Fighting       | 1 2 3 4 5 |  5.0
Necromancy     | 7 9 12 | 12.0
Invocations    | 4 |  4.3
Stealth        | |  1.5

Action                   |  1- 3 |  4- 6 |  7- 9 | 10-12 || total
-------------------------+-------+-------+-------+-------++-------
Melee: Unarmed           |    15 |     5 |       |       ||    20
       Staff             |       |     1 |   155 |    91 ||   247
       Quarterstaff      |       |       |   112 |       ||   112
       Dagger            |       |       |     5 |       ||     5
 Cast: Pain              |    69 |   151 |   234 |   187 ||   641
       Vampiric Draining |       |    10 |    38 |    59 ||   107
       Summon Small Mamm |       |       |    21 |       ||    21
       Call Imp          |       |       |    32 |    21 ||    53
       Mephitic Cloud    |       |       |     1 |     1 ||     2
       Borgnjor's Vile C |       |       |       |    45 ||    45
Invok: Divine Energy     |       |       |     1 |       ||     1
Evoke: Sack of spiders   |       |       |       |     2 ||     2
       Wand              |       |       |       |     1 ||     1
  Use: Scroll            |     3 |     4 |    10 |     6 ||    23
 Stab: Distracted        |       |       |     1 |     2 ||     3
Armor: Robe              |     7 |    11 |   115 |    69 ||   202
Dodge: Dodged            |    33 |    39 |   445 |   355 ||   872
Block: Other             |       |    10 |    30 |       ||    40

Table legend:
 A = Spawn XP
 B = Non-spawn XP
 C = Spawn XP percentage of total XP
 D = Spawn monster count
 E = Non-spawn monster count
 F = Spawn count percentage of total count
 G = Total turns spent on level
                    A         B        C        D         E        F      G
               +---------+---------+-------+---------+---------+-------+---------
         Total |       0 |   21626 |   0.0 |       0 |     306 |   0.0 | 14912
               +---------+---------+-------+---------+---------+-------+---------
           D:1 |       0 |      28 |   0.0 |       0 |      15 |   0.0 |   958
           D:2 |       0 |      98 |   0.0 |       0 |      31 |   0.0 |  1767
           D:3 |       0 |     161 |   0.0 |       0 |      16 |   0.0 |  1065
           D:4 |       0 |     443 |   0.0 |       0 |      17 |   0.0 |   759
           D:5 |       0 |     459 |   0.0 |       0 |      10 |   0.0 |  1002
           D:6 |       0 |     830 |   0.0 |       0 |      25 |   0.0 |   817
           D:7 |       0 |     453 |   0.0 |       0 |      26 |   0.0 |   774
           D:8 |       0 |    1818 |   0.0 |       0 |      21 |   0.0 |  1163
           D:9 |       0 |    1695 |   0.0 |       0 |      30 |   0.0 |  1261
          D:10 |       0 |    5782 |   0.0 |       0 |      32 |   0.0 |  1511
          D:11 |       0 |    6936 |   0.0 |       0 |      38 |   0.0 |  2187
          D:12 |       0 |    2740 |   0.0 |       0 |       9 |   0.0 |   165
         Sewer |       0 |      60 |   0.0 |       0 |      23 |   0.0 |   251
       Ossuary |       0 |     123 |   0.0 |       0 |      13 |   0.0 |  1032
               +---------+---------+-------+---------+---------+-------+---------
